AoeStats
← Malik Bhai

Arabian Desert

510227982Analyzed
1v1 RM · 2d ago on Sep 30, 2026· 43m 4s· 2 players
Game mode
Random Map
Map size
Tiny (2 player)
Population
200
Speed
Normal
Resources
Standard
Victory
Conquest
Starting age
Dark Age
Ending age
Imperial Age
RankedLock teamsTeams togetherTeam positionsShared explorationLock speedFull tech treeHidden civsTurbo modeCheats
Victory
Defeat
🇺🇸 Hindustanis · United States
1633
+16
🇵🇰 Franks · Pakistan
1627
-16
Malik Bhai
6:32 Loom
8:57 Feudal Age
8:58 Man-at-Arms
10:35 Double-Bit Axe
21:35 Castle Age
21:22 Scale Barding Armor
28:57 Scale Mail Armor
30:50 Chain Mail Armor
30:37 Pikeman
32:06 Squires
39:04 Imperial Age
37:06 Bow Saw
37:22 Forging
40:05 Iron Casting
41:19 Fletching
42:37 Bodkin Arrow
Legolas
6:05 Loom
8:51 Feudal Age
9:24 Double-Bit Axe
17:15 Fletching
24:01 Castle Age
21:54 Horse Collar
22:55 Bloodlines
23:11 Scale Barding Armor
23:28 Gold Mining
24:04 Forging
25:00 Bow Saw
25:25 Husbandry
27:17 Town Watch
28:08 Wheelbarrow
27:57 Heavy Plow
30:35 Stone Mining
31:25 Hand Cart
30:48 Light Cavalry
32:31 Gold Shaft Mining
38:05 Imperial Age
37:19 Iron Casting
36:59 Scale Mail Armor
38:06 Squires
39:48 Blast Furnace
42:00 Conscription
41:56 Chain Mail Armor
43:25 Chemistry
Connection lost

Rejoining the realm…

Still unreachable

The connection could not be restored.

Session expired

The server has moved on; the page needs a fresh start.